Map: Cyber Forest LE

Players

Huk

  • Race: Protoss Protoss
  • Spawn Location: 5:00

Mez - Winner!

  • Race: Terran Terran
  • Spawn Location: 11:00

VOD

Have the link to the VOD?

Description

Time

  • Played on: July 27, 2019, 9:45 p.m.
  • Length: 8:14
Show
View Real Time Build Order
Export as new Build Order

Huk Protoss 

Build Orders:  

Get SALT Encoding   

  12  0:01  Probe  
  13  0:13  Probe  
  14  0:19  Pylon  
  14  0:21  Probe  
  15  0:33  Assimilator  
  15  0:34  Probe  
  16  0:46  Probe  
  17  0:51  Gateway  
  17  0:58  Probe  
  18  1:06  Probe, Pylon  
  19  1:14  Probe  
  19  1:24  Probe  
  21  1:34  Pylon  
  21  1:46  Cybernetics Core  
  21  1:49  Probe  
  22  2:00  Probe  
  23  2:08  Probe  
  24  2:16  Probe  
  24  2:20  Nexus  
  25  2:22  Warp Gate  
  25  3:03  Assimilator  
  25  3:04  Robotics Facility  
  25  3:15  Stalker, Probe  
  28  3:23  Probe  
  28  3:30  Probe  
  28  3:32  Probe  
  30  3:38  Probe  
  30  3:40  Assimilator  
  31  3:43  Pylon  
  32  3:48  Probe  
  32  3:53  Immortal  
  37  4:14  Gateway  
  37  4:15  Gateway  
  37  4:20  Gateway  
  37  4:22  Probe  
  38  4:27  Probe  
  39  4:33  Observer  
  39  4:34  Probe  
  41  4:39  Probe  
  42  4:47  Probe  
  42  4:51  Stalker  
  45  4:58  Twilight Council  
  45  4:59  Probe  
  45  5:00  Immortal  
  45  5:11  Probe  
  45  5:13  Stalker x2  
  38  5:23  Probe  
  38  5:34  Probe  
  37  5:42  Probe  
  33  5:47  Immortal  
  38  5:50  Probe  
  39  5:59  Robotics Bay  
  39  6:01  Probe  
  39  6:02  Charge  
  40  6:10  Zealot x3  
  46  6:13  Probe  
  47  6:22  Immortal  
  47  6:25  Probe  
  52  6:34  Probe  
  53  6:42  Probe  
  54  7:01  Pylon  
  54  7:03  Pylon  
  54  7:04  Pylon  
  54  7:05  Pylon  
  54  7:19  Probe  
  61  7:31  Pylon  
  61  7:32  Forge  
  61  7:33  Zealot  
  61  7:34  Pylon  
Show
View Real Time Build Order
Export as new Build Order

Mez Terran - Winner!

Build Orders: Reaper Expand 

Get SALT Encoding   

  12  0:01  SCV  
  13  0:13  SCV  
  14  0:17  Supply Depot  
  14  0:25  SCV  
  15  0:39  SCV  
  15  0:40  Barracks  
  16  0:45  Refinery  
  16  0:51  SCV  
  17  1:03  SCV  
  18  1:15  SCV  
  19  1:29  Orbital Command  
  19  1:30  Reaper  
  20  1:50  Command Center  
  20  1:54  SCV  
  20  2:00  Bunker  
  21  2:05  Barracks Reactor  
  21  2:10  Supply Depot  
  21  2:16  Barracks  
  21  2:17  SCV  
  22  2:28  Barracks  
  22  2:36  SCV  
  23  2:44  Marine x2  
  23  2:48  Engineering Bay  
  23  2:50  SCV  
  26  3:02  SCV, Marine x2  
  26  3:05  Barracks Tech Lab  
  29  3:10  Orbital Command  
  29  3:17  SCV  
  29  3:19  Terran Infantry Weapons Level 1  
  30  3:24  Combat Shield  
  30  3:30  SCV  
  31  3:36  SCV  
  31  3:37  Marine x3  
  31  3:39  Marine  
  36  3:45  SCV  
  37  3:48  SCV  
  37  3:50  Supply Depot  
  37  4:03  Marine x3  
  37  4:04  SCV x2  
  37  4:06  Marine  
  43  4:12  Factory  
  43  4:13  Refinery x2  
  43  4:15  Supply Depot  
  43  4:16  SCV  
  43  4:17  SCV  
  45  4:22  Barracks Tech Lab  
  45  4:24  Marine x2  
  45  4:26  Marine  
  45  4:29  SCV  
  49  4:32  SCV  
  50  4:39  Supply Depot  
  50  4:41  SCV  
  50  4:43  Stimpack  
  51  4:46  Marine x4  
  51  4:48  SCV  
  56  4:53  SCV  
  57  5:00  SCV, Starport, Factory Reactor  
  57  5:05  SCV  
  59  5:22  Marine x4  
  59  5:23  SCV  
  55  5:39  SCV x2, Marine  
  55  5:40  Marine  
  56  5:48  Command Center, Marauder x2  
  56  5:49  Medivac x2  
  64  5:53  Factory Reactor  
  64  5:56  Terran Infantry Armor Level 1, Barracks x2  
  64  5:57  Supply Depot  
  64  6:12  Marine x2, Marauder  
  64  6:13  Marauder  
  70  6:18  SCV x2  
  70  6:20  Concussive Shells  
  70  6:24  Medivac x2  
  76  6:31  Marine  
  76  6:32  Marine  
  78  6:39  Supply Depot  
  78  6:42  Supply Depot  
  78  6:47  Engineering Bay, Armory, Barracks Tech Lab  
  78  6:59  SCV x2, Marauder x2  
  84  7:10  Marine x2  
  84  7:11  Marine x2, Marauder  
  84  7:12  Medivac x2  
  84  7:13  SCV x2  
  96  7:25  Marauder x2  
  96  7:26  Orbital Command  
  96  7:27  SCV x2  
  102  7:31  Supply Depot  
  102  7:33  Supply Depot  
  102  7:34  Supply Depot  
  102  7:48  Marine, Marauder x3  
  109  7:53  Marine x3  
  112  7:59  SCV  
  112  8:00  SCV x2  
Tags
 
Add a new tag
Caveats
  • Supply blocks, unpowered buildings, or Contaminate may cause inaccurate times.
  • Supply counts are checked every 10 seconds.